 Dungeon Crawl Stone Soup version 0.31-a0-466-g98c9adc2b6 (webtiles) character file.

Game seed: 9569501884217428815

787 HallandMoats the Trooper (level 7, -2/59 HPs)
             Began as a Demonspawn Monk on Aug 6, 2023.
             Was a Believer of Qazlal.
             Slain by a gnoll
             ... wielding a +0 antimagic halberd
             ... led by a gnoll bouda
              (4 damage)
             ... on level 5 of the Dungeon.
             The game lasted 00:05:29 (3942 turns).

HallandMoats the Trooper (Demonspawn Monk)          Turns: 3942, Time: 00:05:30

Health: -2/59      AC:  7    Str:  9    XL:     7   Next: 56%
Magic:  6/10       EV:  9    Int: 11    God:    Qazlal [**....]
Gold:   256        SH:  2    Dex: 19    Spells: 6/6 levels left

rFire   . . .        f - +6 whip of Waeser {freeze, Str-4 Dex+3 Stlth+}
rCold   . . .        d - orb {light}
rNeg    . . .        p - +0 scale mail
rPois   .            (no helmet)
rElec   .            (no cloak)
rCorr   .            n - +0 pair of gloves
SInv    .            (no boots)
Will    .....        (no amulet)
Stlth   +            (no ring)
HPRegen 0.29/turn    (no ring)
MPRegen 0.12/turn

%: no passive effects
@: glowing
A: spiny 1, demonic magic 1, weakness stinger 1
a: Renounce Religion, Upheaval


You were on level 5 of the Dungeon.
You worshipped Qazlal.
Qazlal was pleased with you.
You visited 2 branches of the dungeon, and saw 6 of its levels.

You collected 451 gold pieces.
You spent 195 gold pieces at shops.

Inventory:

Hand Weapons
 a - a +0 hand axe
 f - the +6 whip of Waeser (weapon) {freeze, Str-4 Dex+3 Stlth+}
   (You bought it in a shop on level 3 of the Dungeon)

   Str:       It affects your strength (-4).
   Dex:       It affects your dexterity (+3).
   Stlth:     It makes you more stealthy.
Armour
 b - a +0 robe
 d - an orb of light (worn)
 n - a +0 pair of gloves (worn)
 p - a +0 scale mail (worn)
Jewellery
 q - a ring of ice
 t - an amulet of magic regeneration
Scrolls
 e - a scroll of amnesia
 g - 2 scrolls of enchant weapon
 h - a scroll of brand weapon
 i - a scroll of blinking
 k - a scroll of fear
 l - a scroll of teleportation
 u - 2 scrolls of revelation
 v - a scroll of enchant armour
Potions
 c - a potion of ambrosia
 j - 3 potions of curing
 m - a potion of enlightenment
 o - 2 potions of mutation
 r - a potion of magic {unknown}
 s - a potion of heal wounds {unknown}
 w - a potion of brilliance {unknown}
 x - a potion of berserk rage {unknown}


   Skills:
 * Level 6.7 Fighting
 + Level 4.7 Axes
 - Level 2.6 Dodging
 + Level 5.2 Invocations


You had 6 spell levels left.
You didn't know any spells.
Your spell library contained the following spells:

 Spells                   Type           Power      Damage    Failure   Level
 Call Canine Familiar     Summ           0%         N/A       100%        3
 Portal Projectile        Hex/Tloc       0%         N/A       100%        3
 Stone Arrow              Conj/Erth      0%         3d7       100%        3
 Animate Armour           Summ/Erth      0%         N/A       100%        4
 Leda's Liquefaction      Hex/Erth       0%         N/A       100%        4
 Lehudib's Crystal Spear  Conj/Erth      0%         10d2      100%        8


Dungeon Overview and Level Annotations

Branches:
Dungeon (5/15)             Temple (1/1) D:5

Altars:
Ashenzari
Dithmenos
Fedhas
Gozag
Hepliaklqana
Kikubaaqudgha
Makhleb
Nemelex Xobeh
Qazlal
Ru
Sif Muna
Trog
Uskayaw
Vehumet
Wu Jian
Xom
Yredelemnul

Shops:
D:3 ?(=!   D:4 *   D:5 [

Annotations:
D:5 1 runed translucent door, bahustanut's ghost, novice DsSh


Innate Abilities, Weirdness & Mutations

You are partially covered in sharp spines.
Spells you cast may paralyse adjacent enemies.
You have a small tail.


Message History

You feel as though you will be weak longer.
The bat moves out of view.
The gnoll bouda mumbles some strange prayers to its god.
The gnoll bouda is healed somewhat.
There is an open door here.
Your attacks no longer feel as feeble.
You close the door.
A gnoll breaks down the door.
Found 14 gold pieces.
The gnoll bouda barks out a call to the hunt!
The gnolls pick up the pace!
The bat hits you but does no damage.
Found 32 gold pieces.
The gnoll is no longer moving quickly.
The bat is struck by your spines. The bat hits you but does no damage.
The bat is struck by your spines.
You kill the bat!
Qazlal accepts your kill. The gnoll closely misses you.
The gnoll completely misses you. The gnoll closely misses you.
The gnoll barely misses you. The gnoll barely misses you.
The gnoll is no longer moving quickly.
The gnoll hits you from afar with a +0 spear.
* * * LOW HITPOINT WARNING * * *
The gnoll bouda gazes fiercely through you!
You feel your attacks grow feeble.
The gnoll bouda barks out a call to the hunt!
The gnolls pick up the pace!
The gnoll bouda gazes fiercely through you!
You feel as though you will be weak longer.
The gnoll hits you from afar with a +0 antimagic halberd.
* * * LOW HITPOINT WARNING * * *
You feel your power leaking away.
The gnoll hits you from afar with a +0 spear.
* * * LOW HITPOINT WARNING * * *
The gnoll hits you from afar with a +0 spear.
* * * LOW HITPOINT WARNING * * *
Your attacks no longer feel as feeble.
The gnoll hits you from afar with a +0 antimagic halberd.
You die...

##.........>....<.....# #.....#..
#...######.#.........# #.....#..
#....................# #.....#..
##...........#..##....# #.....#..
.............##..##...# #.....#..
.#...........###.##...# #.....#..
.....######.## #....### #........
g..ggg)...#.######..#######.###..
#######g........@.gg.............
...#g..#........##g#..##.##......
...#.).#.......###...............
.......##.#..#.# ####g...##.###..
##._.###..#..#.# ##g..##.# #..
.......##.#..#.# #...##.# #..
...#...#..#..#.#######......# #..
...#..g#..#............#.##.###..
#######'.........................


You could see a gnoll bouda, 3 gnolls and a goblin (corona).

Vanquished Creatures
  Sigmund (D:4)
  Edmund (D:4)
  2 phantoms
  A bullfrog (D:5)
  A scorpion (D:4)
  An orc priest (D:5)
  An iguana (D:4)
  An orc wizard (D:4)
  5 adders
  2 gnolls (D:5)
  A shadow imp (D:5)
  A worm (D:2)
  A dart slug (D:2)
  9 orcs
  6 bats
  5 endoplasms
  3 giant cockroaches
  6 goblins
  5 hobgoblins
  4 jackals (D:1)
  A quokka (D:1)
  5 ball pythons
  4 frilled lizards
  9 kobolds
  5 rats
81 creatures vanquished.

Notes
Turn   | Place    | Note
-------+----------+-------------------------------------------
     0 | D:1      | HallandMoats the Demonspawn Monk began the quest for the
                  | Orb.
     0 | D:1      | Reached XP level 1. HP: 18/18 MP: 1/1
   106 | D:1      | Reached skill level 1 in Invocations
   106 | D:1      | Gained mutation: You are partially covered in sharp spines.
                  | [demonic ancestry]
   106 | D:1      | Reached XP level 2. HP: 13/24 MP: 2/2
   624 | D:2      | Gained mutation: Spells you cast may paralyse adjacent
                  | enemies. [demonic ancestry]
   624 | D:2      | Reached XP level 3. HP: 30/30 MP: 4/4
  1093 | D:2      | Found a faded altar of an unknown god.
  1203 | D:2      | Reached skill level 4 in Fighting
  1260 | D:2      | Reached XP level 4. HP: 23/37 MP: 5/5
  1706 | D:3      | Noticed a phantom
  1714 | D:3      | Killed a phantom
  1715 | D:3      | Gained mutation: You have a small tail. [demonic ancestry]
  1715 | D:3      | Reached XP level 5. HP: 43/43 MP: 5/7
  1744 | D:3      | Found Woeghaeb's Magic Scroll Shoppe.
  1759 | D:3      | Bought a scroll of identify for 24 gold pieces
  1759 | D:3      | Bought a scroll of teleportation for 36 gold pieces
  1833 | D:3      | Found Amnuapur's Antique Weapon Emporium.
  1861 | D:3      | Bought a scorched whip for 135 gold pieces
  1861 | D:3      | Identified the +6 whip of Waeser {freeze, Str-4 Dex+3
                  | Stlth+} (You bought it in a shop on level 3 of the Dungeon)
  1865 | D:3      | Found Okio's Jewellery Shop.
  2009 | D:3      | Found Puis Siu's Distillery.
  2145 | D:4      | Reached skill level 5 in Fighting
  2243 | D:4      | Found a radiant altar of Vehumet.
  2506 | D:4      | Found Ceuqoz's General Store.
  2528 | D:4      | Found a basalt altar of Yredelemnul.
  2637 | D:4      | Noticed Sigmund
  2637 | D:4      | Noticed Edmund
  2914 | D:4      | Reached XP level 6. HP: 37/51 MP: 8/8
  3105 | D:4      | Killed Edmund
  3123 | D:4      | Killed Sigmund
  3124 | D:4      | Reached skill level 6 in Fighting
  3124 | D:4      | Reached XP level 7. HP: 21/58 MP: 10/10
  3451 | D:5      | Entered Level 5 of the Dungeon
  3556 | D:5      | Found a runed translucent door.
  3560 | D:5      | Noticed bahustanut's ghost (novice DsSh)
  3621 | D:5      | Found Iplisoph's Armour Boutique.
  3632 | D:5      | Reached skill level 5 in Invocations
  3689 | D:5      | Found a staircase to the Ecumenical Temple.
  3701 | Temple   | Entered the Ecumenical Temple
  3723 | Temple   | Became a worshipper of Qazlal Stormbringer
  3723 | Temple   | Reached * piety under Qazlal
  3723 | Temple   | Reached ** piety under Qazlal
  3888 | D:5      | Found a sacrificial altar of Ru.
  3940 | D:5      | HP: 1/59 [gnoll/+0 spear[a gnoll bouda] (3)]
  3942 | D:5      | Slain by a gnoll

Illustrated notes

Levels and vault maps discovered:
D:1:      erik_arrival_triangle_large, layout_rooms
D:2:      kennysheep_big_flooded_room, layout_basic,
          shapermc_ecumenical_altar_flowoftime, minivault_5
D:3:      layout_rooms, serial_shops, nicolae_shop_hallway_stairs,
          nicolae_shop_gibbet_a_chance, shop, shop_coins
D:4:      layout_layer_cave, nicolae_vehumet_radiance, lemuel_doored_altar,
          nicolae_take_the_stairs, sigmund_edmund_badplayer
D:5:      lemuel_ice_spiral_2, layout_basic,
          nicolae_ru_great_annihilating_truth, minmay_temple_entry_proselytizer,
          serial_shops, nicolae_inconvenience_store,
          hellmonk_ghost_happy_afterlife
Temple:   regret_index_temple_sphere_string

Skill      XL: |  1  2  3  4  5  6  7 |
---------------+----------------------+-----
Invocations    | 1 2 3 4 5 |  5.2
Axes           | 3 4 |  4.7
Fighting       | 4 5 6 |  6.7
Dodging        | |  2.6

Action                     |  1- 3 |  4- 6 |  7- 9 || total
---------------------------+-------+-------+-------++-------
  Melee: Hand axe          |    87 |    24 |       ||   111
         Whip              |       |    40 |    35 ||    75
         Tailslap          |       |     7 |     6 ||    13
    Use: Scroll            |       |     9 |     2 ||    11
   Stab: Paralysed         |       |       |     1 ||     1
 Armour: Robe              |    10 |     2 |       ||    12
         Scale mail        |       |    14 |    10 ||    24
  Dodge: Dodged            |    46 |    37 |    22 ||   105
  Block: Orb               |       |       |     2 ||     2

Table legend: (Time is in decaauts)
 A = Elapsed time spent in this place.
 B = Non-inter-level travel time spent in this place.
 C = Inter-level travel time spent in this place.
 D = Time resting spent in this place.
 E = Time spent auto-exploring this place.
 F = Levels seen in this place.
 G = Mean time per level.
                   A        B        C        D        E       F      G
               +--------+--------+--------+--------+--------+-----+--------+
         Total |   3956 |   3700 |    256 |    513 |   2504 |   6 |  659.3 |
       Dungeon |   3911 |   3698 |    213 |    513 |   2504 |   5 |  782.2 |
        Temple |     44 |      1 |     43 |      0 |      0 |   1 |   44.0 |
               +--------+--------+--------+--------+--------+-----+--------+

Top non-repeatable levels by time:
     D:4: 1357 daAuts
     D:2: 1051 daAuts
     D:1: 606 daAuts
     D:3: 450 daAuts
     D:5: 444 daAuts
  Temple: 44 daAuts
